 Dungeon Crawl Stone Soup version 0.30-a0-177-g1cb5dbfd7a (webtiles) character file.

Game seed: 6543244331399367385

254913 scionoferis the Impassioned (level 20, -11/124 HPs)
             Began as a Kobold Delver on Sept 30, 2022.
             Was a Believer of Uskayaw.
             Shot with an arrow by a deep elf master archer (21 damage)
             ... on level 3 of the Elven Halls on Oct 2, 2022.
             The game lasted 03:46:17 (50371 turns).

scionoferis the Impassioned (Kobold Delver)        Turns: 50371, Time: 03:46:18

Health: -11/124    AC: 24    Str: 12    XL:     20   Next: 56%
Magic:  33/33      EV: 27    Int: 12    God:    Uskayaw [**....]
Gold:   2321       SH:  7    Dex: 24    Spells: 17/19 levels left

rFire   + . .      SeeInvis +    b - +2 demon blade (vamp)
rCold   + + .      Faith    +    d - +0 buckler {AC+3}
rNeg    . . .      Spirit   .    O - +3 leather armour of the Game Afoot {rElec rC+}
rPois   +          Reflect  .    n - +2 hat {Will+}
rElec   +          Harm     .    x - +2 cloak of the Thief {*Fog Slay-2 SInv Stlth+}
rCorr   .          Rampage  .    T - +0 pair of gloves
Will    ++...                    f - +1 pair of boots of the Carpenter {rC+ Dex+2}
Stlth   +++++++++.               r - amulet of faith
HPRegen 0.40/turn                v - ring of protection from fire
MPRegen 0.23/turn                Q - +4 ring of protection

@: no status effects
A: small, no large weapons, nightstalker 3, poison resistance, shaggy fur 1
}: 2/15 runes: decaying, serpentine
a: Renounce Religion, Stomp, Line Pass


You were on level 3 of the Elven Halls.
You worshipped Uskayaw.
Uskayaw was most pleased with you.
You visited 7 branches of the dungeon, and saw 33 of its levels.
You visited the Abyss 1 time.
You also visited: Ossuary and Volcano.

You collected 3331 gold pieces.
You spent 1010 gold pieces at shops.

Inventory:

Hand Weapons
 a - a +7 quick blade of flaming
 b - a +2 vampiric demon blade (weapon)
 o - a +4 rapier of electrocution
 K - a +2 sling of flaming
Missiles
 i - 55 poisoned darts (quivered)
 X - 5 throwing nets
Armour
 d - a +0 buckler of protection (worn)
 f - the +1 pair of boots of the Carpenter (worn) {rC+ Dex+2}
   (You found it in a volcano)

   Dex:       It affects your dexterity (+2).
   rC:        It protects you from cold.
 n - a +2 hat of willpower (worn)
 x - the +2 cloak of the Thief (worn) {*Fog Slay-2 SInv Stlth+}
   (You found it on level 13 of the Dungeon)

   It may release a thick cloud of smoke when the wearer is hurt.
   Slay:      It affects your accuracy & damage with ranged weapons and melee
   (-2).
   SInv:      It lets you see invisible.
   Stlth:     It makes you more stealthy.
 O - the +3 leather armour of the Game Afoot (worn) {rElec rC+}
   (You found it on level 3 of the Lair of Beasts)

   rC:        It protects you from cold.
   rElec:     It insulates you from electricity.
 T - a +0 pair of gloves (worn)
Jewellery
 e - a ring of positive energy
 p - the ring of Giph {rF+++ rC- Str+6 Int+4 Dex-2}
   (You took it off a deep elf high priest on level 3 of the Elven Halls)

   [ring of strength]

   Str:       It affects your strength (+6).
   Int:       It affects your intelligence (+4).
   Dex:       It affects your dexterity (-2).
   rF:        It renders you almost immune to fire.
   rC:        It makes you vulnerable to cold.
 r - an amulet of faith (around neck)
 u - a ring of resist corrosion
 v - a ring of protection from fire (left hand)
 A - an amulet of regeneration
 B - a ring of flight
 E - a ring of willpower
 I - a ring of protection from cold
 Q - a +4 ring of protection (right hand)
Wands
 g - a wand of digging (22)
 k - a wand of polymorph (31)
 H - a wand of flame (87)
 N - a wand of light (7)
 R - a wand of iceblast (7)
 W - a wand of charming (6)
Scrolls
 c - a scroll of fog
 h - 2 scrolls of summoning
 m - a scroll of brand weapon
 t - a scroll of identify
 y - 3 scrolls of silence
 D - 2 scrolls of blinking
 J - a scroll of magic mapping
 L - 5 scrolls of fear
 V - 8 scrolls of teleportation
 Y - 3 scrolls of butterflies
Potions
 j - 5 potions of invisibility
 l - 21 potions of curing
 w - 8 potions of heal wounds
 z - 2 potions of cancellation
 C - 7 potions of haste
 F - 6 potions of magic
 G - 6 potions of might
 S - 2 potions of resistance
Miscellaneous
 q - a condenser vane


   Skills:
 + Level 13.1 Fighting
 - Level 15.5(18.5) Short Blades
 * Level 10.9(12.6) Long Blades
 - Level 10.0 Armour
 - Level 15.0 Dodging
 + Level 16.4 Stealth
 - Level 5.0 Shields
 - Level 5.0 Translocations
 * Level 18.7 Invocations
 - Level 12.0 Evocations


You had 17 spell levels left.
You knew the following spells:

 Your Spells              Type           Power      Damage    Failure   Level
a - Blink                 Tloc           24%        N/A       12%         2

Your spell library contained the following spells:

 Spells                   Type           Power      Damage    Failure   Level
 Gell's Gravitas          Tloc           12%        N/A       22%         3
 Lesser Beckoning         Tloc           12%        N/A       22%         3
 Teleport Other           Tloc           12%        N/A       22%         3
 Momentum Strike          Conj/Tloc      12%        3d8       32%         2
 Foxfire                  Conj/Fire      0%         2x1d4     52%         1
 Freeze                   Ice            0%         1d3       52%         1
 Necrotise                Necr           0%         1d4       52%         1
 Manifold Assault         Tloc           12%        N/A       58%         4
 Scorch                   Fire           0%         2d5       65%         2
 Sublimation of Blood     Necr           0%         N/A       65%         2
 Dazzling Flash           Conj/Hex       0%         N/A       87%         3
 Inner Flame              Hex/Fire       0%         N/A       87%         3
 Vampiric Draining        Necr           0%         2d6       87%         3
 Airstrike                Air            0%         2d(0-16)  99%         4
 Dispel Undead            Necr           0%         3d6       99%         4
 Flame Wave               Conj/Fire      0%         2d4       99%         4
 Petrify                  Tmut/Erth      0%         N/A       99%         4
 Sticky Flame             Conj/Fire      0%         2d3       99%         4
 Summon Ice Beast         Ice/Summ       0%         N/A       99%         4
 Summon Lightning Spire   Summ/Air       0%         N/A       99%         4
 Agony                    Necr           0%         N/A       100%        5
 Irradiate                Conj/Tmut      0%         3d11      100%        5
 Lightning Bolt           Conj/Air       0%         1d11      100%        5
 Silence                  Hex/Air        0%         N/A       100%        5
 Dispersal                Tloc           6%         N/A       100%        6
 Summon Cactus Giant      Summ           0%         N/A       100%        6
 Borgnjor's Revivificati  Necr           0%         N/A       100%        8
 Disjunction              Tloc           6%         N/A       100%        8
 Infestation              Necr           0%         N/A       100%        8
 Necromutation            Tmut/Necr      0%         N/A       100%        8
 Death's Door             Necr           0%         N/A       100%        9


Dungeon Overview and Level Annotations

Branches:
Dungeon (15/15)            Temple (1/1) D:4            Lair (4/5) D:10
  Swamp (4/4) Lair:3        Snake (4/4) Lair:3        Slime (0/5) Lair:4
    Orc (2/2) D:9             Elf (3/3) Orc:2        Vaults (0/5) D:14
 Depths (0/4) D:15        Ossuary (visited)         Volcano (visited)

Altars:
Ashenzari
Cheibriados
Dithmenos
Elyvilon
Fedhas
Gozag
Hepliaklqana
Kikubaaqudgha
Makhleb
Nemelex Xobeh
Okawaru
Qazlal
Ru
Sif Muna
Trog
Uskayaw
Vehumet
Wu Jian
Xom
Yredelemnul
Zin
The Shining One
Jiyva

Shops:
D:1 =   D:6 [   D:8 =   D:9 (!   D:12 *   D:13 !   Orc:2 (!!(   Elf:1 *
Elf:3 *=   Snake:4 (

Annotations:
Snake:1 Roxanne
Elf:1 3 runed translucent doors
Elf:2 3 runed translucent doors
Elf:3 3 runed translucent doors, hellse's ghost, adept VSFi


Innate Abilities, Weirdness & Mutations

You are small and have problems with some larger weapons.
You are completely attuned to the shadows.
Your system is resistant to poisons. (rPois)
You are covered in fur. (AC +1)


Message History

The deep elf master archer shoots an arrow.
The arrow hits you!
* * * LOW HITPOINT WARNING * * *
You hit the deep elf master archer but do no damage.
The deep elf master archer is heavily wounded.
The deep elf master archer shoots an arrow.
The arrow completely misses you.
The arrow hits the earth elemental!!
The earth elemental barely misses you. The earth elemental hits you!
* * * LOW HITPOINT WARNING * * *
The earth elemental hits you!
* * * LOW HITPOINT WARNING * * *
The deep elf master archer shoots an arrow.
You block the arrow.
The deep elf demonologist casts a spell.
The earth elemental misses you.
You closely miss the deep elf elementalist.
The deep elf master archer shoots an arrow.
The arrow closely misses you.
The arrow hits the earth elemental!!
The earth elemental is destroyed!
The earth elemental disappears in a puff of smoke!
You slash the deep elf master archer!
The deep elf master archer is severely wounded.
The earth elemental disappears in a puff of smoke!
The deep elf elementalist casts a spell at you.
The freezing blast misses you.
The deep elf master archer unwields a +0 longbow.
The deep elf master archer completely misses you.
The deep elf demonologist barely misses you.
The earth elemental hits you but does no damage.
The earth elemental misses you.
You hit the deep elf master archer but do no damage.
The deep elf master archer is severely wounded.
The deep elf elementalist points at you and mumbles some strange words.
The freezing blast misses you. The earth elemental hits you.
* * * LOW HITPOINT WARNING * * *
You block the deep elf demonologist's attack.
The deep elf master archer wields a +0 longbow.
The deep elf master archer shoots an arrow.
The arrow hits you!!
You die...

#...##...#.#.#
#...###.######
##.#.#..)#[#[[
#......##.#~#
##.###.))#.#.#
#..# #..##.#.#
######.##
#...#...#
#EE§##.#
#..##'###
#E@e§§.#
##..#)#.#
#Ee§☼####
#.).)...
###2e###
##.##.[.
#.§§e# #...##.
#.§[e##
#....#.
#..)).#
##.....
###))## #.....
#))# #.....
#).# #.....


You could see a deep elf master archer, a deep elf elementalist (fast, repels
missiles), a deep elf demonologist, 4 earth elementals and a tormentor
(summoned).

Vanquished Creatures
  Saint Roka (Orc:2)
  Vashnia (Snake:4)
  Nikola (Snake:4)
  A tentacled monstrosity (Abyss:5)
  A deep elf blademaster (Elf:3)
  Asterion (Snake:4)
  A thorn hunter (Swamp:4)
  Donald (Swamp:2)
  Agnes (Snake:2)
  6 nagarajas
  A draconian knight (Abyss:5)
  10 deep elf sorcerers
  Aizul (Snake:4)
  A deep elf elementalist (Elf:3)
  A stone giant (D:15)
  3 very ugly things (Abyss:5)
  3 deep elf demonologists
  4 eleionomae
  6 deep elf annihilators
  3 bunyips (Swamp:1)
  A red draconian (Abyss:3)
  The ghost of pigah the Stormcaller, a journeyman OpAE of Gozag (Lair:4)
  A green death (Abyss:3)
  The ghost of jlumianski the Carver, a journeyman DsGl of Qazlal (D:12)
  6 deep elf high priests (Elf:3)
  6 deep elf death magi
  A shambling mangrove (Swamp:4)
  2 salamander tyrants (Snake:4)
  10 anacondas
  2 catoblepae
  A spriggan air mage (Swamp:2)
  22 hydras
  4 centaur warriors
  2 ghost crabs
  An ogre mage (D:14)
  3 two-headed ogres (D:14)
  11 dancing weapons
  5 alligators
  5 death yaks (Lair:2)
  8 naga warriors
  A boulder beetle (Lair:2)
  A tengu warrior (D:14)
  A vampire mage (Swamp:4)
  4 thrashing horrors (Abyss:5)
  8 naga sharpshooters
  13 deep elf knights
  4 orc high priests
  8 shock serpents
  Amaemon (D:8)
  Nergalle (Lair:2)
  A spriggan berserker (Swamp:2)
  6 salamander mystics
  A soul eater (Abyss:5)
  2 wretched stars (Abyss:5)
  2 goliath frogs
  10 swamp dragons
  A sixfirhy (Abyss:3)
  2 spriggan druids
  12 naga ritualists
  19 deep elf archers
  A spatial maelstrom (Abyss:3)
  5 starcursed masses
  5 orc knights
  A bog body (Swamp:3)
  2 lindwurms (Lair:2)
  A spectral wolf spider (D:12)
  26 deep elf zephyrmancers
  2 wizards (Elf:1)
  30 deep elf pyromancers
  9 mana vipers
  4 ugly things
  6 cyclopes
  4 orc sorcerers (Orc:2)
  5 will-o-the-wisps
  3 manticores
  2 spectral centaurs (D:12)
  Maurice (D:8)
  3 guardian serpents
  22 salamanders
  29 black mambas
  A torpor snail (Lair:4)
  An orange demon (D:8)
  3 gargoyles
  18 naga magi
  8 cane toads
  An unseen horror (D:12)
  5 efreet
  2 tengu conjurers (D:14)
  8 komodo dragons
  A komodo dragon (shapeshifter) (Elf:1)
  10 trolls
  2 ancient zymes (Abyss:5)
  Grinder (D:5)
  2 wolf spider simulacra (D:12)
  4 hornets
  4 polar bears (Lair:3)
  9 slime creatures
  Prince Ribbit (D:8)
  9 tyrant leeches
  3 raiju (Abyss:3)
  A meliai zombie (D:12)
  6 dream sheep (Lair:4)
  A harpy skeleton (Abyss:3)
  3 jumping spiders (Lair:2)
  2 large abominations
  14 yaks
  5 water elementals
  2 wraiths
  8 wyverns
  2 vampires
  A ynoxinul (Abyss:5)
  3 air elementals
  A shadow (D:11)
  4 spriggans
  3 fire bats (Lair:1)
  2 steam dragons
  3 chaos spawn (Abyss:5)
  11 vampire mosquitoes
  10 basilisks
  4 fire elementals
  43 nagas
  2 wargs (Orc:1)
  3 spatial vortices (Abyss:3)
  12 swamp worms
  2 acid dragons
  A floating eye (Elf:3)
  12 water moccasins
  21 orc warriors
  8 swamp drakes (Swamp:4)
  A sky beast (D:7)
  A black bear (D:7)
  9 ogres
  3 small abominations (Abyss:3)
  A boggart (Elf:1)
  6 wolves (Lair:2)
  12 centaurs
  2 elf zombies (Ossuary)
  A phantom (D:5)
  4 kobold brigands
  A necrophage (D:7)
  9 bullfrogs
  2 gnoll sergeants
  3 earth elementals
  A hornet simulacrum (D:12)
  4 killer bees (D:9)
  2 electric eels
  4 lava snakes (Lair:2)
  2 centaur zombies (Ossuary)
  2 gnoll boudas
  5 hounds
  3 human zombies (Ossuary)
  15 orc priests
  3 jellies
  Ijyb (D:4)
  5 iguanas
  5 hell rats (Lair:3)
  23 orc wizards
  2 mummies (Ossuary)
  23 gnolls
  5 adders
  An ufetubus (D:7)
  An adder zombie (Ossuary)
  A worm (D:3)
  5 dart slugs
  48 orcs
  9 ball pythons
  3 bats
  9 endoplasms
  3 giant cockroaches
  6 goblins
  4 hobgoblins
  4 jackals (D:3)
  22 kobolds
  2 quokkas (D:2)
  12 frilled lizards
  3 goblin zombies
  7 hobgoblin zombies (Ossuary)
  A jackal zombie (Ossuary)
  11 kobold zombies (Ossuary)
  8 orc zombies (Ossuary)
  4 rats
  A rat zombie (D:4)
  A briar patch (Swamp:4)
1009 creatures vanquished.

Vanquished Creatures (collateral kills)
  A two-headed ogre (D:14)
1 creature vanquished.

Vanquished Creatures (others)
  A hydra (Swamp:4)
  A boulder beetle (Lair:2)
  A two-headed ogre (D:14)
  A deep elf knight (Elf:2)
  A deep elf zephyrmancer (Elf:2)
  A chaos spawn (Abyss:5)
  14 foxfires
  19 fungi
  36 plants
  2 starspawn tentacles (Abyss:3)
77 creatures vanquished.

Grand Total: 1087 creatures vanquished

Notes
Turn   | Place    | Note
-------+----------+-------------------------------------------
     0 | D:5      | scionoferis the Kobold Delver began the quest for the Orb.
     0 | D:5      | Reached XP level 1. HP: 14/14 MP: 1/1
    85 | D:4      | Reached XP level 2. HP: 19/19 MP: 2/2
   200 | D:4      | Noticed an ogre
   209 | D:4      | Found the +3 woodcutter's axe {vorpal}
   222 | D:4      | Found a sand-covered staircase.
   228 | Ossuary  | Entered an ossuary
   537 | Ossuary  | Reached XP level 3. HP: 23/23 MP: 3/3
   702 | Ossuary  | Reached skill level 1 in Armour
   702 | Ossuary  | Reached XP level 4. HP: 13/29 MP: 4/4
   907 | Ossuary  | Reached XP level 5. HP: 24/33 MP: 5/5
  1253 | Ossuary  | Reached skill level 5 in Short Blades
  1264 | Ossuary  | Reached XP level 6. HP: 38/38 MP: 6/6
  1856 | D:4      | Noticed Ijyb
  1880 | D:3      | Reached XP level 7. HP: 7/44 MP: 7/7
  3315 | D:1      | Found Viceholi's Jewellery Shoppe.
  3604 | D:1      | Got the Compendium of Unholy Arts and Firn
  3810 | D:1      | Found a faded altar of an unknown god.
  5815 | D:3      | Reached skill level 1 in Evocations
  6591 | D:4      | Killed Ijyb
  6592 | D:4      | Reached XP level 8. HP: 48/48 MP: 8/8
  6803 | D:4      | Reached skill level 5 in Fighting
  6805 | D:4      | Found a staircase to the Ecumenical Temple.
  6812 | Temple   | Entered the Ecumenical Temple
  7158 | Temple   | Became a worshipper of Uskayaw the Reveller
  7265 | D:4      | Reached * piety under Uskayaw
  7402 | D:4      | Reached ** piety under Uskayaw
  7779 | D:5      | Reached skill level 1 in Invocations
  7997 | D:5      | Reached skill level 5 in Dodging
  7997 | D:5      | Reached skill level 2 in Invocations
  8279 | D:5      | Noticed Grinder
  8290 | D:5      | Killed Grinder
  8290 | D:5      | Reached *** piety under Uskayaw
  8291 | D:5      | Reached skill level 3 in Invocations
  8291 | D:5      | Reached XP level 9. HP: 53/54 MP: 11/11
  8666 | D:5      | Reached skill level 4 in Invocations
  9381 | D:6      | Found Cic Fusm's Armour Shoppe.
 10014 | D:6      | Bought a +0 buckler for 54 gold pieces
 10185 | D:7      | Reached skill level 5 in Invocations
 11487 | D:7      | Reached skill level 6 in Invocations
 11784 | D:7      | Reached XP level 10. HP: 59/59 MP: 14/14
 11799 | D:7      | Reached skill level 10 in Short Blades
 11802 | D:7      | Reached **** piety under Uskayaw
 11845 | D:7      | Reached skill level 7 in Invocations
 12290 | D:8      | Noticed Maurice
 12295 | D:8      | Killed Maurice
 12310 | D:8      | Noticed an orange demon
 12432 | D:8      | Noticed a catoblepas
 12621 | D:8      | Killed a catoblepas
 12797 | D:8      | Noticed Amaemon
 12824 | D:8      | Killed Amaemon
 12825 | D:8      | Reached skill level 5 in Armour
 12825 | D:8      | Reached skill level 8 in Invocations
 12831 | D:8      | Killed an orange demon
 12978 | D:8      | Found Hivua's Jewellery Shop.
 13011 | D:8      | Noticed Prince Ribbit
 13015 | D:8      | Killed Prince Ribbit
 13016 | D:8      | Reached XP level 11. HP: 63/63 MP: 17/17
 13866 | D:9      | Found a blossoming altar of Fedhas.
 13977 | D:9      | Found Laxt's Distillery.
 13982 | D:9      | Bought a potion of curing for 51 gold pieces
 14142 | D:9      | Found Qimpa's Weapon Shoppe.
 14388 | D:9      | Upgraded the game from 0.30-a0-170-g85af917532 to
                  | 0.30-a0-172-gc5509c9e31
 14521 | D:9      | Found a staircase to the Orcish Mines.
 14621 | D:9      | Reached skill level 9 in Invocations
 14856 | D:10     | Entered Level 10 of the Dungeon
 14881 | D:10     | Found a staircase to the Lair.
 15472 | D:10     | Found an ornate altar of the Wu Jian Council.
 16646 | D:11     | Reached skill level 1 in Shields
 16698 | D:11     | Noticed a cyclops
 16701 | D:11     | Noticed a manticore
 16702 | D:11     | Killed a cyclops
 16706 | D:11     | Killed a manticore
 17766 | D:12     | Found Vuytoall's Assorted Antiques.
 17771 | D:12     | Bought a glowing scarf for 232 gold pieces
 18176 | D:1      | Bought a ring of see invisible for 195 gold pieces
 18352 | D:9      | Bought a potion of invisibility for 136 gold pieces
 18458 | D:12     | Found a runed translucent gate.
 18458 | D:12     | Found a runed translucent gate.
 18459 | D:12     | Found a runed translucent gate.
 18731 | D:12     | Noticed a cyclops
 18735 | D:12     | Killed a cyclops
 19063 | D:12     | Reached XP level 12. HP: 66/69 MP: 14/19
 19256 | D:12     | Reached skill level 10 in Invocations
 19362 | D:12     | HP: 3/69 [wolf spider simulacrum (8)]
 19606 | D:12     | Noticed jlumianski's ghost (journeyman DsGl)
 19625 | D:12     | HP: 3/67 [jlumianski's ghost (20)]
 19625 | D:12     | HP: 1/67 [jlumianski's ghost (2)]
 19838 | Lair:1   | Entered Level 1 of the Lair of Beasts
 19885 | Lair:1   | Reached ***** piety under Uskayaw
 19892 | Lair:1   | Found a dark tunnel.
 19915 | Volcano  | Entered a volcano
 19919 | Volcano  | Identified the +1 pair of boots of the Carpenter {rC+
                  | Dex+2}
 20963 | Lair:1   | You fall into a shaft and drop 1 floor!
 21486 | Lair:2   | Noticed a death yak
 21489 | Lair:2   | Noticed a death yak
 21490 | Lair:2   | Killed a death yak
 21491 | Lair:2   | Noticed a death yak
 21491 | Lair:2   | Noticed a death yak
 21491 | Lair:2   | Noticed a death yak
 21541 | Lair:2   | Killed a death yak
 21542 | Lair:2   | Reached skill level 10 in Stealth
 21542 | Lair:2   | Reached skill level 5 in Evocations
 21545 | Lair:2   | Killed a death yak
 21549 | Lair:2   | Killed a death yak
 21558 | Lair:2   | Killed a death yak
 21559 | Lair:2   | Reached skill level 11 in Invocations
 21559 | Lair:2   | Reached XP level 13. HP: 52/76 MP: 4/21
 21935 | Lair:2   | Found a runed translucent door.
 22130 | Lair:2   | Noticed Nergalle
 22171 | Lair:2   | Killed Nergalle
 22455 | Lair:2   | Found an opulent altar of Gozag.
 22487 | Lair:2   | Noticed a five-headed hydra
 22491 | Lair:2   | Killed a five-headed hydra
 22492 | Lair:2   | Reached skill level 10 in Dodging
 22773 | Lair:3   | Found a staircase to the Swamp.
 22813 | Lair:3   | Noticed a five-headed hydra
 22815 | Lair:3   | Killed a five-headed hydra
 23042 | Lair:3   | Noticed a five-headed hydra
 23054 | Lair:3   | Killed a five-headed hydra
 23057 | Lair:3   | Identified the +6 quarterstaff of Impatience {drain, rPois
                  | rN+ Int+5 Stlth-}
 23570 | Lair:3   | Identified the +3 leather armour of the Game Afoot {rElec
                  | rC+}
 23630 | Lair:3   | Found a staircase to the Snake Pit.
 24048 | Lair:4   | Reached skill level 12 in Invocations
 24058 | Lair:4   | Found a transporter.
 24131 | Lair:4   | Found a viscous altar of Jiyva.
 24131 | Lair:4   | Found a staircase to the Slime Pits.
 24509 | Lair:4   | Noticed a six-headed hydra
 24513 | Lair:4   | Killed a six-headed hydra
 24683 | Lair:4   | Noticed a seven-headed hydra
 24688 | Lair:4   | Killed a seven-headed hydra
 24689 | Lair:4   | Reached skill level 15 in Short Blades
 24689 | Lair:4   | Reached XP level 14. HP: 65/83 MP: 23/23
 24786 | Lair:4   | Found a transporter.
 24789 | Lair:4   | Noticed pigah's ghost (journeyman OpAE)
 25340 | Lair:2   | Found the +8 whip "Snakebite" {venom, curare, rPois}
 25412 | Lair:2   | Found a runed translucent gate.
 25412 | Lair:2   | Found a runed translucent gate.
 25413 | Lair:2   | Found a runed translucent gate.
 25418 | Lair:2   | Found a runed translucent gate.
 25418 | Lair:2   | Found a runed translucent gate.
 25418 | Lair:2   | Found a runed translucent gate.
 26231 | D:12     | HP: 3/84 [jlumianski's ghost (18)]
 26231 | D:12     | HP: 1/84 [jlumianski's ghost (2)]
 26234 | D:12     | Killed jlumianski's ghost
 27003 | D:10     | Gained mutation: Your magical capacity is low. (-10% MP)
                  | [potion of mutation]
 27003 | D:10     | Gained mutation: Armour fits poorly on your strangely
                  | shaped body. [potion of mutation]
 27003 | D:10     | Gained mutation: You are vulnerable to cold. (rC-) [potion
                  | of mutation]
 27004 | D:10     | Lost mutation: You are vulnerable to cold. (rC-) [potion of
                  | mutation]
 27004 | D:10     | Lost mutation: Armour fits poorly on your strangely shaped
                  | body. [potion of mutation]
 27004 | D:10     | Lost mutation: Your magical capacity is low. (-10% MP)
                  | [potion of mutation]
 27004 | D:10     | Gained mutation: You possess an exceptional clarity of
                  | mind. [potion of mutation]
 27101 | D:13     | Found Veebale's Distillery.
 27124 | D:13     | Identified the +5 morningstar "Ypnemn" {chaos, Stlth+}
 27481 | D:13     | Reached skill level 5 in Shields
 27530 | D:13     | Reached skill level 13 in Invocations
 27565 | D:13     | Found the +2 cloak of the Thief {*Fog Slay-2 SInv Stlth+}
 27865 | D:14     | Found a radiant altar of Vehumet.
 28355 | D:14     | Reached skill level 1 in Long Blades
 28618 | D:14     | Found a gate to the Vaults.
 28941 | D:14     | Found a shadowy altar of Dithmenos.
 29080 | D:15     | Entered Level 15 of the Dungeon
 29093 | D:15     | Reached XP level 15. HP: 89/89 MP: 25/25
 29400 | D:15     | Noticed a stone giant
 29410 | D:15     | Found a staircase to the Depths.
 29625 | D:15     | Killed a stone giant
 29960 | Orc:1    | Entered Level 1 of the Orcish Mines
 30129 | Orc:2    | Entered Level 2 of the Orcish Mines
 30193 | Orc:2    | Noticed Saint Roka
 30215 | Orc:2    | Killed Saint Roka
 30832 | Orc:2    | Found a staircase to the Elven Halls.
 30943 | Orc:2    | Reached skill level 14 in Invocations
 30958 | Orc:2    | Found Let Kuphe's Antique Weapon Emporium.
 30958 | Orc:2    | Found Todid's Weapon Shop.
 31075 | Orc:2    | Found Vudyuf's Distillery.
 31075 | Orc:2    | Found Garchyomu's Distillery.
 31082 | Orc:2    | Bought a potion of invisibility for 88 gold pieces
 31128 | Orc:2    | Found a shimmering blue altar of Sif Muna.
 31376 | Orc:2    | Bought a runed sling for 112 gold pieces
 31619 | Lair:4   | Killed pigah's ghost
 32082 | Swamp:1  | Entered Level 1 of the Swamp
 32434 | Swamp:1  | Identified the +11 morningstar of Rovosiw {vamp, rF+ rN+
                  | Will- Int+4}
 33308 | Swamp:2  | Reached skill level 5 in Long Blades
 33384 | Swamp:2  | Noticed Donald
 33408 | Swamp:2  | Reached XP level 16. HP: 36/96 MP: 26/26
 33706 | Swamp:2  | Killed Donald
 34368 | Swamp:3  | Reached skill level 10 in Fighting
 34905 | Swamp:4  | Entered Level 4 of the Swamp
 34966 | Swamp:4  | Reached skill level 15 in Invocations
 35358 | Swamp:4  | Noticed a thorn hunter
 35372 | Swamp:4  | Reached ****** piety under Uskayaw
 35384 | Swamp:4  | Killed a thorn hunter
 35590 | Swamp:4  | Got a decaying rune of Zot
 36014 | D:10     | Lost mutation: You possess an exceptional clarity of mind.
                  | [potion of mutation]
 36014 | D:10     | Gained mutation: You have sharp toenails. [potion of
                  | mutation]
 36014 | D:10     | Gained mutation: Your spells are a little harder to cast,
                  | but a little more powerful. [potion of mutation]
 36015 | D:10     | Lost mutation: Your spells are a little harder to cast, but
                  | a little more powerful. [potion of mutation]
 36015 | D:10     | Lost mutation: You have sharp toenails. [potion of
                  | mutation]
 36015 | D:10     | Gained mutation: Your magical capacity is low. (-10% MP)
                  | [potion of mutation]
 36015 | D:10     | Gained mutation: You are strong-willed. (Will+) [potion of
                  | mutation]
 36016 | D:10     | Lost mutation: You are strong-willed. (Will+) [potion of
                  | mutation]
 36016 | D:10     | Lost mutation: Your magical capacity is low. (-10% MP)
                  | [potion of mutation]
 36016 | D:10     | Gained mutation: You possess an exceptional clarity of
                  | mind. [potion of mutation]
 36016 | D:10     | Gained mutation: You occasionally lose the ability to drink
                  | potions when taking damage. [potion of mutation]
 36016 | D:10     | Gained mutation: You are agile. (Dex +4, Str/Int -1)
                  | [potion of mutation]
 36017 | D:10     | Lost mutation: You are agile. (Dex +4, Str/Int -1) [potion
                  | of mutation]
 36017 | D:10     | Lost mutation: You occasionally lose the ability to drink
                  | potions when taking damage. [potion of mutation]
 36017 | D:10     | Gained mutation: You occasionally shout uncontrollably at
                  | your foes. [potion of mutation]
 36084 | D:13     | Bought a potion of mutation for 120 gold pieces
 36085 | D:13     | Lost mutation: You occasionally shout uncontrollably at
                  | your foes. [potion of mutation]
 36085 | D:13     | Lost mutation: You possess an exceptional clarity of mind.
                  | [potion of mutation]
 36085 | D:13     | Gained mutation: You occasionally shout uncontrollably at
                  | your foes. [potion of mutation]
 36085 | D:13     | Gained mutation: Your system is resistant to poisons.
                  | (rPois) [potion of mutation]
 36085 | D:13     | Gained mutation: You are dopey. (Int -2) [potion of
                  | mutation]
 36232 | Snake:1  | Entered Level 1 of the Snake Pit
 36281 | Snake:1  | Found the +8 frozen axe "Frostbite" {freezing cloud, *Noise
                  | Fly rC+}
 36317 | Snake:1  | Lost mutation: You are dopey. (Int -2) [potion of mutation]
 36317 | Snake:1  | Lost mutation: You occasionally shout uncontrollably at
                  | your foes. [potion of mutation]
 36317 | Snake:1  | Gained mutation: You are covered in fur. (AC +1) [potion of
                  | mutation]
 36396 | Snake:1  | Identified Roxanne's Tome of Transmutation
 36396 | Snake:1  | Noticed Roxanne
 36698 | Snake:1  | Reached XP level 17. HP: 103/103 MP: 28/28
 37539 | Snake:2  | Found a transporter.
 37602 | Snake:2  | Found a transporter.
 37615 | Snake:2  | Found a transporter.
 37616 | Snake:2  | Found a transporter.
 37694 | Snake:2  | Found a transporter.
 37695 | Snake:2  | Found a transporter.
 37732 | Snake:2  | Noticed Agnes
 37737 | Snake:2  | Killed Agnes
 38281 | Snake:2  | Reached skill level 16 in Invocations
 40126 | Snake:3  | Reached skill level 10 in Evocations
 41139 | Snake:3  | Reached XP level 18. HP: 72/110 MP: 22/30
 41701 | Snake:4  | Entered Level 4 of the Snake Pit
 42045 | Snake:4  | Noticed Nikola
 42049 | Snake:4  | Killed Nikola
 42069 | Snake:4  | Learned a level 2 spell: Blink
 42438 | Snake:4  | Found Niakhant's Weapon Emporium.
 42444 | Snake:4  | Bought 2 curare-tipped darts for 22 gold pieces
 42559 | Snake:4  | Noticed Aizul
 42565 | Snake:4  | Killed Aizul
 42641 | Snake:4  | Reached skill level 1 in Translocations
 42772 | Snake:4  | Noticed Asterion
 42777 | Snake:4  | Killed Asterion
 43058 | Snake:4  | Noticed Vashnia
 43080 | Snake:4  | Killed Vashnia
 43259 | Snake:4  | Reached skill level 17 in Invocations
 43783 | Snake:4  | Reached skill level 10 in Armour
 43942 | Snake:4  | Got a serpentine rune of Zot
 44269 | Elf:1    | Entered Level 1 of the Elven Halls
 44604 | Elf:1    | Found a runed translucent gate.
 44605 | Elf:1    | Found a runed translucent gate.
 44606 | Elf:1    | Found a runed translucent gate.
 44610 | Elf:1    | Noticed a tentacled monstrosity
 44610 | Elf:1    | Noticed a tentacled monstrosity
 44711 | Elf:1    | Found Jyliow's Assorted Antiques.
 44739 | Elf:1    | Reached XP level 19. HP: 70/109 MP: 31/31
 44870 | Elf:1    | Reached skill level 15 in Stealth
 45230 | Elf:1    | Noticed a tentacled monstrosity
 46402 | Elf:2    | Found a runed translucent gate.
 46403 | Elf:2    | Found a runed translucent gate.
 46404 | Elf:2    | Found a runed translucent gate.
 46496 | Elf:3    | Entered Level 3 of the Elven Halls
 46743 | Elf:3    | Found Tibb's Jewellery Shoppe.
 46743 | Elf:3    | Found Angowirch's General Store.
 47045 | Elf:3    | Reached skill level 10 in Long Blades
 47161 | Elf:3    | Reached skill level 18 in Invocations
 47181 | Elf:3    | HP: 3/118 [deep elf sorcerer/bolt of acid (28)]
 47603 | Elf:3    | Noticed a deep elf blademaster
 47616 | Elf:3    | Killed a deep elf blademaster
 47737 | Elf:3    | Reached XP level 20. HP: 72/124 MP: 28/33
 47896 | Elf:3    | Found a runed translucent gate.
 47897 | Elf:3    | Found a runed translucent gate.
 47897 | Elf:3    | Found a runed translucent gate.
 47904 | Elf:3    | Noticed hellse's ghost (adept VSFi)
 47991 | Abyss:3  | Cast into level 3 of the Abyss (a deep elf sorcerer)
 48272 | Abyss:3  | Reached skill level 5 in Translocations
 48784 | Abyss:5  | Found a corrupted altar of Lugonu.
 48841 | Abyss:5  | Reached skill level 15 in Dodging
 48917 | Abyss:5  | Found a corrupted altar of Lugonu.
 48943 | Abyss:5  | Found a corrupted altar of Lugonu.
 49015 | Abyss:5  | Found a corrupted altar of Lugonu.
 49064 | Abyss:5  | Found a corrupted altar of Lugonu.
 49127 | Abyss:5  | Noticed a tentacled monstrosity
 49150 | Abyss:5  | Killed a tentacled monstrosity
 49206 | Elf:3    | Escaped the Abyss
 49768 | Elf:3    | Identified the ring of Giph {rF+++ rC- Str+6 Int+4 Dex-2}
 49768 | Elf:3    | Identified the ring of Gozag's Grace {Ice rCorr Int-5
                  | Dex+3}
 49769 | Elf:3    | Identified the +4 dagger "Raisin" {drain, rPois Dex+3}
 49872 | Elf:3    | Noticed an Ice Fiend
 50006 | Elf:3    | Upgraded the game from 0.30-a0-172-gc5509c9e31 to
                  | 0.30-a0-177-g1cb5dbfd7a
 50371 | Elf:3    | Shot with an arrow by a deep elf master archer

Illustrated notes

Levels and vault maps discovered:
D:1:      elethiomel_arrival_infinity_welcomes_careful_drivers, layout_basic,
          hellmonk_ecumenical_altar_lost_god, serial_shops, shop
D:2:      layout_basic, serial_curves, eino_curves_03, eino_curves_04,
          amcnicky_mini_rare_corridor_liquid,
          nicolae_concentric_dashed_squares_mild, reono_crystal_passage,
          minmay_lizard_pond
D:3:      layout_rooms, minmay_tree_intersection
D:4:      layout_loops_ring, temple_fountains, enter_ossuary_4, serial_forest,
          infiniplex_forest_clump_long, infiniplex_forest_clump_C,
          infiniplex_forest_lined_3_way, infiniplex_forest_lined_corner,
          uniq_ijyb
D:5:      layout_loops_ring, uniq_grinder
D:6:      layout_gridville, serial_shops, shop
D:7:      layout_basic, minivault_22, nicolae_lava_and_water,
          minmay_joined_circles
D:8:      layout_basic, serial_shops, nicolae_shop_hallway_stairs,
          minmay_microvault, uniq_amaemon, uniq_prince_ribbit1, uniq_maurice
D:9:      layout_loops_cross, fedhas_altar_3, david_orc_2, serial_shops, shop,
          nicolae_shop_bloodbath_and_beyond
D:10:     layout_layer_cave, pdpol_wu_jian_five_deadly_venoms, lair_entry_dummy,
          kennysheep_decorative_pillar, kennysheep_nub
D:11:     layout_rooms, solitary_fountain
D:12:     layout_gridville, gammafunk_ghost_necromancy, serial_shops, shop
D:13:     layout_rooms, serial_shops, nicolae_shop_advertising_works
          [nicolae_subvault_shop_adworks], chequers_serial_rivers_micro_b
D:14:     layout_cave_pools, erik_vaults_1,
          nicolae_dithmenos_through_a_glass_darkly, fiery_altar_vehumet
D:15:     grunt_enter_depths_giant_problem, layout_rooms
Temple:   mainiacjoe_temple_cubbyholes
Lair:1:   layout_small_grid, nicolae_volcano_entry_batcave, minmay_holes
Lair:2:   gammafunk_indiana_jones, layout_regular_city, basic_altar,
          st_stairs_9, nicolae_quartered_pool_super, uniq_nergalle
Lair:3:   layout_chaotic_city, minmay_swamp_entry_wisps,
          minmay_snake_entry_guardpost_small, minivault_23,
          cheibrodos_lair_lostbears
Lair:4:   layout_gridlike, slime_entry_1, gammafunk_ghost_arena,
          serial_bayou_ford_a, st_stairs_12, beast_lair_carwin_5
Swamp:1:  layout_basic_swamp, evilmike_swamp_ruin_house_2
Swamp:2:  layout_falls_marsh, evilmike_swamp_ruin_wall, uniq_donald
Swamp:3:  layout_falls_marsh, evilmike_swamp_ruin_house_5
Swamp:4:  swamp, layout_basic_swamp, cheibrodos_swamp_pet_leeches,
          infiniplex_staircase_pool_2
Snake:1:  layout_concentric_octagons, st_stairs_1, uniq_roxanne
Snake:2:  layout_layer_cave, serial_nicolae_subway, nicolae_sub_station_crystal,
          nicolae_sub_station_metal, nicolae_sub_station_stone,
          serial_bayou_shore_b, uniq_agnes
Snake:3:  layout_layer_cave
Snake:4:  johnstein_snake_rune_scales, layout_gridlike, serial_shops,
          nicolae_lakefront_shop, grunt_megastairs_5, uniq_aizul, uniq_asterion,
          uniq_nikola
Orc:1:    layout_caves
Orc:2:    grunt_orc_tribal_feast, layout_caves, led_sif_book, uniq_saint_roka
Elf:1:    eino_elf_arrival_sip, layout_gridlike, serial_shops,
          nicolae_shop_temple_entry_statues_fountains,
          ploomutoo_gammafunk_ghost_potion_laboratory, hangedman_elf_disciples
Elf:2:    elven_hall_of_blades_hangedman_original
          [nicolae_blade_entry_sentries_behind_glass], layout_gridlike,
          uniq_jorgrun
Elf:3:    minmay_elf_hall_x, layout_rooms, gammafunk_ghost_ooze,
          onia_ninara_cookie, minmay_shoptagon

Skill      XL: |  1  2  3  4  5  6  7  8  9 10 11 12 13 14 15 16 17 18 19 20 |
---------------+-------------------------------------------------------------+-----
Short Blades   | 3 4 5 6 8 9 11 12 13 15 | 15.5
Armour         | 1 2 3 4 5 6 7 8 9 10 | 10.0
Dodging        | 3 4 5 6 7 8 9 10 11 12 13 14 15 | 15.0
Stealth        | 7 8 9 10 11 12 13 14 15 16 | 16.4
Fighting       | 4 5 6 7 8 9 10 11 12 13 | 13.1
Evocations     | 1 2 3 5 6 8 9 10 11 12 | 12.0
Invocations    | 3 6 8 9 11 12 13 14 15 16 17 18 | 18.7
Shields        | 2 3 4 5 |  5.0
Long Blades    | 2 5 6 8 9 10 | 10.9
Translocations | 3 4 5 |  5.0

Action                   |  1- 3 |  4- 6 |  7- 9 | 10-12 | 13-15 | 16-18 | 19-21 || total
-------------------------+-------+-------+-------+-------+-------+-------+-------++-------
Melee: Short sword       |   119 |   161 |   471 |   390 |       |       |       ||  1141
       Punch             |       |     2 |     7 |       |       |       |       ||     9
       Dagger            |       |       |       |    55 |       |       |       ||    55
       Quick blade       |       |       |       |   182 |  1037 |   833 |   708 ||  2760
       Scimitar          |       |       |       |       |       |     7 |       ||     7
       Rapier            |       |       |       |       |       |   157 |       ||   157
       Demon blade       |       |       |       |       |       |       |    94 ||    94
 Fire: Sling             |       |       |    27 |       |    55 |       |       ||    82
Throw: Dart              |       |       |    37 |       |     9 |       |     3 ||    49
 Cast: Blink             |       |       |       |       |       |       |     1 ||     1
Invok: Line Pass         |       |       |       |    20 |    51 |    51 |    22 ||   144
       Stomp             |       |       |       |       |     1 |     1 |    11 ||    13
Evoke: Wand              |       |       |    11 |     2 |    33 |    14 |     1 ||    61
       Condenser vane    |       |       |       |       |     1 |       |       ||     1
  Use: Scroll            |     1 |     1 |     8 |    12 |     8 |     1 |     6 ||    37
       Potion            |       |     1 |     5 |     1 |     3 |     6 |     6 ||    22
 Stab: Sleeping          |    13 |     6 |    40 |    34 |    65 |    72 |    38 ||   268
       Distracted        |     1 |       |     4 |     3 |     4 |     8 |     7 ||    27
       Invisible         |       |       |     8 |       |       |     7 |       ||    15
       Paralysed         |       |       |     6 |    19 |    64 |    83 |    54 ||   226
       Confused          |       |       |       |    18 |    39 |    42 |    21 ||   120
Armor: Leather armour    |    16 |    19 |    38 |    35 |    39 |    90 |   113 ||   350
       Ring mail         |       |       |       |    56 |   107 |    61 |       ||   224
       Swamp dragon scal |       |       |       |       |       |     3 |       ||     3
Dodge: Dodged            |    43 |    81 |   252 |   257 |   384 |   470 |   350 ||  1837
Block: Buckler           |       |       |    18 |   106 |   103 |   203 |   127 ||   557
       Other             |       |       |     9 |       |       |       |       ||     9
       Reflection        |       |       |     1 |     4 |       |       |       ||     5
       Kite shield       |       |       |       |    22 |   156 |       |       ||   178

Table legend: (Time is in decaauts)
 A = Elapsed time spent in this place.
 B = Non-inter-level travel time spent in this place.
 C = Inter-level travel time spent in this place.
 D = Time resting spent in this place.
 E = Time spent auto-exploring this place.
 F = Levels seen in this place.
 G = Mean time per level.
                   A        B        C        D        E       F      G
               +--------+--------+--------+--------+--------+-----+--------+
         Total |  48506 |  43481 |   5025 |   8522 |  24798 |  38 | 1276.5 |
       Dungeon |  22115 |  19279 |   2836 |   3900 |  11245 |  15 | 1474.3 |
        Temple |    364 |    347 |     17 |      0 |    313 |   1 |  364.0 |
          Lair |   6140 |   5485 |    655 |    671 |   3469 |   4 | 1535.0 |
         Swamp |   3807 |   3685 |    122 |    697 |   2242 |   4 |  951.8 |
     Snake Pit |   7350 |   6699 |    651 |    789 |   4642 |   4 | 1837.5 |
  Orcish Mines |   1525 |   1230 |    295 |      0 |    988 |   2 |  762.5 |
   Elven Halls |   4282 |   3835 |    447 |    887 |   1879 |   3 | 1427.3 |
         Abyss |   1016 |   1016 |      0 |    609 |      0 |   3 |  338.7 |
       Ossuary |   1558 |   1558 |      0 |    961 |     19 |   1 | 1558.0 |
       Volcano |    345 |    345 |      0 |      8 |      0 |   1 |  345.0 |
               +--------+--------+--------+--------+--------+-----+--------+

Top non-repeatable levels by time:
    D:10: 2930 daAuts
     D:7: 2381 daAuts
     D:3: 2357 daAuts
 Snake:3: 2309 daAuts
  Lair:2: 2299 daAuts
 Snake:2: 2058 daAuts
    D:12: 2032 daAuts
 Snake:4: 1828 daAuts
   Elf:3: 1757 daAuts
 Ossuary: 1558 daAuts
     D:8: 1549 daAuts
  Lair:4: 1429 daAuts
   Elf:1: 1376 daAuts
     D:1: 1357 daAuts
 Swamp:1: 1312 daAuts
